 Dungeon Crawl Stone Soup version 0.29-a0-557-g43b9904bd1 (webtiles) character file.

Game seed: 17786733259397192066

24 kae the Firebug (level 3, 19/19 HPs)
             Began as a Tengu Fire Elementalist on June 8, 2022.
             Was a Follower of the Shining One.
             Quit the game on level 2 of the Dungeon.
             The game lasted 00:00:42 (1022 turns).

kae the Firebug (Tengu Fire Elementalist)           Turns: 1022, Time: 00:00:42

Health: 19/19      AC:  3    Str:  8    XL:     3   Next: 2%
Magic:  6/7        EV: 12    Int: 17    God:    the Shining One [*.....]
Gold:   51         SH:  0    Dex: 14    Spells: 5/6 levels left

rFire   . . .      SeeInvis .   (no weapon)
rCold   . . .      Faith    .   (no shield)
rNeg    . . .      Spirit   .   a - +0 robe
rPois   .          Reflect  .   (helmet restricted)
rElec   .          Harm     .   e - +0 cloak
rCorr   .          Rampage  .   (no gloves)
Will    .....                   (boots unavailable)
Stlth   +.........              (no amulet)
HPRegen 0.06/turn               (no ring)
MPRegen 0.10/turn               (no ring)

@: glowing
A: beak, talons 3
a: Renounce Religion, Divine Shield


You were on level 2 of the Dungeon.
You worshipped the Shining One.
The Shining One was aware of your devotion.
You visited 1 branch of the dungeon, and saw 2 of its levels.

You collected 51 gold pieces.

Inventory:

Hand Weapons
 c - a +0 whip
Armour
 a - a +0 robe (worn)
 e - a +0 cloak (worn)
Jewellery
 d - a ring of ice
 f - a ring of protection from cold
Potions
 b - a potion of magic
 g - a potion of mutation {unknown}


   Skills:
 - Level 2.1 Dodging
 - Level 2.0 Stealth
 + Level 2.2 Spellcasting
 * Level 2.6 Conjurations
 * Level 3.8 Fire Magic


You had 5 spell levels left.
You knew the following spells:

 Your Spells              Type           Power      Damage    Failure   Level
a - Foxfire               Conj/Fire      48%        2x1d6     4%          1

Your spell library contained the following spells:

 Spells                   Type           Power      Damage    Failure   Level
 Scorch                   Fire           28%        2d6       6%          2
 Conjure Flame            Conj/Fire      12%        6-21      16%         3
 Sandblast                Erth           2%         2d4       19%         1
 Inner Flame              Hex/Fire       8%         N/A       26%         3
 Passwall                 Tmut/Erth      0%         N/A       28%         2
 Stone Arrow              Conj/Erth      12%        3d7       32%         3
 Flame Wave               Conj/Fire      12%        2d6       45%         4


Dungeon Overview and Level Annotations

Branches:
Dungeon (2/15)

Altars:
The Shining One


Innate Abilities, Weirdness & Mutations

You have a beak for a mouth.
You have claws for feet.


Message History

g - a bubbling purple potion You have 51 gold pieces.
Unknown command.
Unknown command.
Found a stone staircase leading up.
Found a ring mail.
There is an open gate here.
Found 29 stones.
A kobold comes into view. It is wielding a +4 whip.
The kobold shouts!
You hear an angry hiss.
A ball python comes into view.
Casting: Foxfire (safe; 6% risk of failure)
Confirm with . or Enter, or press ? or * to list all spells.
You conjure some foxfire!
There are monsters nearby!
There are monsters nearby!
There are monsters nearby!
Your foxfire dissipates! x2
The kobold throws a stone.
The stone hits you but does no damage.
Casting: Foxfire (safe; 6% risk of failure)
Confirm with . or Enter, or press ? or * to list all spells.
You conjure some foxfire!
The kobold throws a stone.
The stone barely misses you.
The foxfire hits the kobold.
You kill the kobold!
You have reached level 3!
Your experience leads to an increase in your attributes!
Increase (S)trength, (I)ntelligence, or (D)exterity?
You feel clever. x2
Your foxfire dissipates!
A ball python is nearby!
A ball python is nearby!
Casting: Foxfire (safe; 4% risk of failure)
Confirm with . or Enter, or press ? or * to list all spells.
You conjure some foxfire!
The foxfire hits the ball python.
The ball python is moderately wounded.
The foxfire hits the ball python.
You kill the ball python!
Are you sure you want to abandon this character and quit the game? (Confirm with "yes".)

#...# #...#
#...#
#######(#######
.....##.##.....
.......#.......
.....##)##.....
### ##.## #.#
#§@.# #.# #§..#
#.# #...# #.#
#...# #.# ##.#
#...# #.# ##..#
#...# #.# #...#
#...#### #.#
#####
##.####'''#..#
#.# ....# #.#
#....##.# #.#


There were no monsters in sight!

Vanquished Creatures
  A dart slug (D:1)
  4 ball pythons
  An endoplasm (D:1)
  4 goblins
  4 hobgoblins (D:1)
  A quokka (D:1)
  3 bats
  2 kobolds
  A rat (D:1)
21 creatures vanquished.

Vanquished Creatures (others)
  65 foxfires
65 creatures vanquished.

Grand Total: 86 creatures vanquished

Notes
Turn   | Place    | Note
-------+----------+-------------------------------------------
     0 | D:1      | kae the Tengu Fire Elementalist began the quest for the
                  | Orb.
     0 | D:1      | Reached XP level 1. HP: 10/10 MP: 4/4
   153 | D:1      | Reached XP level 2. HP: 15/15 MP: 1/6
   459 | D:1      | Found a faded altar of an unknown god.
   806 | D:1      | Prayed at the altar of an unknown god.
   806 | D:1      | Became a worshipper of the Shining One
   806 | D:1      | Reached * piety under the Shining One
   995 | D:2      | Reached XP level 3. HP: 19/19 MP: 4/7
  1022 | D:2      | Quit the game

Illustrated notes

Levels and vault maps discovered:
D:1:      shiori_shiawase, layout_rooms,
          shapermc_ecumenical_altar_starsandcircs,
          minmay_misc_feat_secret_circle
D:2:      layout_loops_ring, kennysheep_cross_bottleneck,
          minmay_misc_feat_nine_boxes, minivault_23

Skill      XL: |  1 |
---------------+----+-----
Conjurations   | 2 |  2.6
Dodging        | |  2.1
Stealth        | |  2.0
Spellcasting   | |  2.2
Fire Magic     | |  3.8

Action                   || total
-------------------------++-------
 Cast: Foxfire           ||    37
Armor: Robe              ||     2
Dodge: Dodged            ||     6

Table legend: (Time is in decaauts)
 A = Elapsed time spent in this place.
 B = Non-inter-level travel time spent in this place.
 C = Inter-level travel time spent in this place.
 D = Time resting spent in this place.
 E = Time spent auto-exploring this place.
 F = Levels seen in this place.
 G = Mean time per level.
                   A        B        C        D        E       F      G
               +--------+--------+--------+--------+--------+-----+--------+
         Total |   1021 |    967 |     54 |     12 |    814 |   2 |  510.5 |
       Dungeon |   1021 |    967 |     54 |     12 |    814 |   2 |  510.5 |
               +--------+--------+--------+--------+--------+-----+--------+

Top non-repeatable levels by time:
     D:1: 829 daAuts
     D:2: 192 daAuts
